 Dungeon Crawl Stone Soup version 0.31.0-9-g3a7656b989 (webtiles) character file.

Game seed: 3732065788386317432

148 qw the Ducker (level 5, 0/25 HPs)
             Began as a Spriggan Hunter on Feb 2, 2024.
             Incinerated by a bombardier beetle (4 damage)
             ... with a burning spray
             ... on level 3 of the Dungeon.
             The game lasted 00:00:05 (1358 turns).

qw the Ducker (Spriggan Hunter)                     Turns: 1358, Time: 00:00:06

Health: 0/25       AC:  3    Str:  7    XL:     5   Next: 8%
Magic:  6/6        EV: 23    Int: 10    God:
Gold:   165        SH:  0    Dex: 27    Spells: 4/4 levels left

rFire   . . .        a - +0 shortbow
rCold   . . .        (shield currently unavailable)
rNeg    . . .        c - +0 robe
rPois   .            (helmet restricted)
rElec   .            l - +0 cloak
rCorr   .            (gloves unavailable)
SInv    +            (boots unavailable)
Will    .....        (no amulet)
Stlth   +            e - +6 ring of dexterity
HPRegen 0.24/turn    d - +4 ring of slaying {mikee}
MPRegen 0.10/turn

%: no passive effects
@: on fire, glowing, very quick
A: very small, no large weapons, unfitting armour, see invisible, speed 3
a: no special abilities


You were on level 3 of the Dungeon.
You visited 1 branch of the dungeon, and saw 3 of its levels.

You collected 165 gold pieces.


Innate Abilities, Weirdness & Mutations

You are very small and have problems with some larger weapons.
You are too small for most types of armour.
You have supernaturally acute eyesight. (SInv)
You cover ground extremely quickly. (Speed+++)


   Skills:
 - Level 1.5 Fighting
 - Level 5.0 Ranged Weapons
 + Level 5.9 Dodging
 - Level 1.5 Stealth


You had 4 spell levels left.
You didn't know any spells.
Your spell library was empty.

Inventory:

Hand Weapons
 a - a +0 shortbow (weapon)
Armour
 c - a +0 robe (worn)
 l - a +0 cloak (worn)
Jewellery
 d - a +4 ring of slaying (right hand) {mikee}
 e - a +6 ring of dexterity (left hand)
Potions
 f - a potion of mutation
 g - a potion of haste {unknown}

Dungeon Overview and Level Annotations

Branches:
Dungeon (3/15)

Altars:
Uskayaw


Message History

You kill the bat!
You see here 7 stones.
A rat comes into view.
The rat squeaks loudly.
You shoot an arrow. The arrow hits the rat.
You kill the rat!
A kobold comes into view. It is wielding a +0 short sword.
Enter note:
Enter note: You shoot an arrow.
The arrow barely misses the kobold.
You shoot an arrow. The arrow hits the kobold.
You kill the kobold!
A bombardier beetle comes into view.
You shoot an arrow. The arrow hits the bombardier beetle.
The bombardier beetle is moderately wounded.
You shoot an arrow.
The arrow closely misses the bombardier beetle.
The bombardier beetle sprays incendiary fluid at you.
The burning spray hits you.
You are covered in liquid fire!
You shoot an arrow.
The arrow completely misses the bombardier beetle.
The liquid fire burns you!
You shoot an arrow. The arrow hits the bombardier beetle!
The bombardier beetle is severely wounded.
The liquid fire burns you!
You shoot an arrow.
The arrow hits the bombardier beetle but does no damage.
The bombardier beetle is severely wounded.
The liquid fire burns you!
The bombardier beetle sprays incendiary fluid at you.
The burning spray hits you.
You are even more covered in liquid fire!
You shoot an arrow. The arrow hits the bombardier beetle!
You kill the bombardier beetle!
The liquid fire burns you!
You have reached level 5!
You feel agile.
You are on fire!
The liquid fire burns you!
You die...

..............
.............
............
...........
.......... #
.......
.#####...#
.....#..@##
#.......##
#........#
#........#
#....)...#
#...#....#
#...#....#
#...#....#
##...#....#
.##


There were no monsters in sight!

Vanquished Creatures
  A bombardier beetle (D:3)
  4 adders (D:2)
  3 gnolls (D:2)
  3 ball pythons
  4 bats
  3 endoplasms
  A giant cockroach (D:1)
  13 goblins
  6 hobgoblins
  2 quokkas
  A frilled lizard (D:1)
  6 kobolds
  4 rats
51 creatures vanquished.

Notes
Turn   | Place    | Note
-------+----------+-------------------------------------------
     0 | D:1      | qw the Spriggan Hunter began the quest for the Orb.
     0 | D:1      | Reached XP level 1. HP: 10/10 MP: 2/2
     0 | D:1      | 0 ||| qw: Version: 0.3-a-155-g5e7d8dd
     0 | D:1      | 0 ||| qw: Game counter: 742
     0 | D:1      | 0 ||| qw: Melee chars always use a shield: true
     0 | D:1      | 0 ||| qw: God list: Okawaru
     0 | D:1      | 0 ||| qw: Allow faded altars: false
     0 | D:1      | 0 ||| qw: Do Orc after clearing Dungeon:15 true
     0 | D:1      | 0 ||| qw: Do second Lair branch before Depths: true
     0 | D:1      | 0 ||| qw: Lair rune preference: random
     0 | D:1      | 0 ||| qw: Goals: Normal
     0 | D:1      | 0 ||| PLANNING D:1-11
    71 | D:1      | Reached skill level 3 in Dodging
   171 | D:1      | Reached XP level 2. HP: 14/14 MP: 3/3
   535 | D:1      | 535 ||| UPGRADING to +6 ring of dexterity.
   536 | D:1      | 536 ||| READING scroll labelled HONUNI KIJUUG.
   537 | D:1      | 537 ||| DROPPING scroll of butterflies.
   598 | D:2      | Found a hide-covered altar of Uskayaw.
   631 | D:2      | 631 ||| RETREEEEATING.
   633 | D:2      | 633 ||| RETREEEEATING.
   635 | D:2      | 635 ||| RETREEEEATING.
   641 | D:2      | Reached XP level 3. HP: 18/18 MP: 4/4
   645 | D:2      | HP: 1/18 [gnoll/+0 flail (7)]
   832 | D:2      | Reached XP level 4. HP: 22/22 MP: 5/5
  1222 | D:2      | 1222 ||| UPGRADING to +0 cloak.
  1227 | D:2      | 1227 ||| DROPPING amulet of magic regeneration.
  1228 | D:2      | 1228 ||| UPGRADING to +4 ring of slaying {mikee}.
  1229 | D:2      | 1229 ||| READING scroll labelled UWIECRO ZAFYUN.
  1230 | D:2      | 1230 ||| READING scroll labelled KUJA FOMPIXU.
  1231 | D:2      | 1231 ||| READING scroll labelled NISHEPT DARU.
  1236 | D:2      | 1236 ||| READING scroll labelled DIR UXKIZUCSUN.
  1236 | D:2      | 1236 ||| IDENTIFYING emerald potion
  1357 | D:3      | HP: 3/22 [burnt (5)]
  1358 | D:3      | Reached XP level 5. HP: 4/25 MP: 6/6
  1358 | D:3      | Incinerated by a bombardier beetle

Levels and vault maps discovered:
D:1:      scummos_arrival_checkerplants, layout_basic
D:2:      cheibrodos_greedy_goblins, layout_basic, basic_altar
D:3:      layout_basic, serial_shops, shop, gammafunk_ghost_smash,
          minmay_starry_boxes

Skill      XL: |  1  2  3  4 |
---------------+-------------+-----
Dodging        | 3 4 5 |  5.9
Ranged Weapons | 5 |  5.0
Fighting       | |  1.5
Stealth        | |  1.5

Action                     |  1- 3 |  4- 6 || total
---------------------------+-------+-------++-------
   Fire: Shortbow          |    61 |    49 ||   110
    Use: Scroll            |     1 |     4 ||     5
 Armour: Robe              |     7 |     4 ||    11
  Dodge: Dodged            |    13 |    16 ||    29

Table legend:
 A = Non-vault XP
 B = Vault XP
 C = Vault XP percentage of total XP
 D = Non-vault monster count
 E = Vault monster count
 F = Vault count percentage of total count
                 A         B        C        D         E       F
            +---------+---------+-------+---------+---------+-------
      Total |     195 |      17 |   8.0 |      41 |      10 |  19.6
            +---------+---------+-------+---------+---------+-------
        D:1 |      26 |       0 |   0.0 |      16 |       0 |   0.0
        D:2 |     117 |      17 |  12.7 |      21 |      10 |  32.3
        D:3 |      52 |       0 |   0.0 |       4 |       0 |   0.0
            +---------+---------+-------+---------+---------+-------
